 Dungeon Crawl Stone Soup version 0.25-a0-589-g1e14c549ee (webtiles) character file.

Game seed: 13332473305902882101, levelgen mode: deterministic

81 An17 the Ruffian (level 4, 0/35 HPs)
             Began as a Draconian Transmuter on Mar 9, 2020.
             Was an Initiate of Okawaru.
             Slain by an orc
             ... wielding a +0 flail of protection
              (8 damage)
             ... on level 3 of the Dungeon.
             The game lasted 00:07:46 (1405 turns).

An17 the Ruffian (Draconian Transmuter)             Turns: 1405, Time: 00:07:46

Health: 0/35       AC:  6    Str: 12 (13) XL:     4   Next: 20%
Magic:  1/7        EV: 12    Int: 12 (14) God:    Okawaru [......]
Gold:   55         SH:  0    Dex: 10 (11) Spells: 1/7 levels left

rFire    . . .     SeeInvis .     - Unarmed
rCold    . . .     Gourm    .   (no shield)
rNeg     . . .     Faith    .   (armour unavailable)
rPois    .         Spirit   .   (helmet restricted)
rElec    .         Reflect  .   f - +0 cloak
rCorr    .         Harm     .   (no gloves)
MR       .....                  (boots currently unavailable)
Stlth    +.........             (no amulet)
HPRegen  0.11/turn              (no ring)
MPRegen  0.10/turn              (no ring)

@: appendage (expiring), very slightly contaminated
A: unfitting armour, talons 3, cold-blooded, AC +5
a: End Transformation, Renounce Religion


You were on level 3 of the Dungeon.
You worshipped Okawaru.
Okawaru was noncommittal.
You were not hungry.
You had grown temporary talons.
You visited 1 branch of the dungeon, and saw 3 of its levels.

You collected 55 gold pieces.

Inventory:

Missiles
 a - 9 arrows
 b - 14 poisoned darts (quivered)
Armour
 f - a +0 cloak (worn)
Scrolls
 d - a scroll of blinking
Potions
 e - a potion of mutation {unknown}
Comestibles
 c - 2 rations


   Skills:
 + Level 1.3 Fighting
 + Level 2.2 Dodging
 + Level 4.0 Unarmed Combat
 + Level 2.4 Spellcasting
 + Level 2.6 Transmutations


You had one spell level left.
You knew the following spells:

 Your Spells              Type           Power        Failure   Level  Hunger
a - Beastly Appendage     Tmut           #.....       9%          1    ##.....
b - Sticks to Snakes      Tmut           #.......     13%         2    ###....
c - Spider Form           Tmut/Pois      #.........   41%         3    ####...

Your spell library contained the following spells:

 Spells                   Type           Power        Failure   Level  Hunger
 Ice Form                 Ice/Tmut       #.......     83%         4    #####..
 Blade Hands              Tmut           #.........   94%         5    ######.


Dungeon Overview and Level Annotations

Branches:
Dungeon (3/15)

Altars:
Cheibriados
Gozag
Hepliaklqana
Nemelex Xobeh
Okawaru
Qazlal
Yredelemnul


Innate Abilities, Weirdness & Mutations

Your plain brown scales are hard. (AC +5)
You cannot fit into any form of body armour.
You are cold-blooded and may be slowed by cold attacks.
You have claws for feet.


Message History

You closely miss the orc. You punch the orc, but do no damage.
The orc is lightly wounded.
The orc misses you.
Casting: Beastly Appendage (safe; 9% risk of failure)
Confirm with . or Enter, or press ? or * to list all spells.
Your feet morph into talons.
The orc hits you with a +0 flail of protection!
You closely miss the orc. The orc barely misses you.
You hit the orc but do no damage. Your kick misses the orc.
Your tail-slap misses the orc.
You hit the orc but do no damage. The orc closely misses you.
You barely miss the orc. You claw the orc.
The orc is lightly wounded.
The orc hits you with a +0 flail of protection.
* * * LOW HITPOINT WARNING * * *
You barely miss the orc. You claw the orc.
The orc is moderately wounded.
Your transformation is almost over.
The orc hits you with a +0 flail of protection!
You die...

#. #. .# .. .
#.## ##. #...
#.. ..# #.#
#.# #.#
..####<####o#
...........#@#
..########.#.#
#...# #####


You could see an orc.

Vanquished Creatures
  2 adders (D:2)
  An ooze (D:2)
  2 worms (D:2)
  4 dart slugs
  2 leopard geckos (D:2)
  7 orcs
  5 giant cockroaches
  2 goblins
  5 hobgoblins
  A quokka (D:2)
  2 bats
  2 kobolds (D:1)
  4 rats
39 creatures vanquished.

Notes
Turn   | Place    | Note
-------+----------+-------------------------------------------
     0 | D:1      | An17 the Draconian Transmuter began the quest for the Orb.
     0 | D:1      | Reached XP level 1. HP: 16/16 MP: 3/3
   194 | D:1      | Reached XP level 2. HP: 19/23 MP: 3/5
   208 | D:1      | Learned a level 2 spell: Sticks to Snakes
   770 | D:2      | Reached XP level 3. HP: 16/28 MP: 6/6
   775 | D:2      | Learned a level 3 spell: Spider Form
  1097 | D:2      | Reached skill level 4 in Unarmed Combat
  1098 | D:2      | Reached XP level 4. HP: 35/35 MP: 5/7
  1135 | D:2      | Found an opulent altar of Gozag.
  1140 | D:2      | Found a hazy altar of Hepliaklqana.
  1141 | D:2      | Found a snail-covered altar of Cheibriados.
  1142 | D:2      | Found a sparkling altar of Nemelex Xobeh.
  1142 | D:2      | Found an iron altar of Okawaru.
  1142 | D:2      | Found a stormy altar of Qazlal.
  1147 | D:2      | Found a basalt altar of Yredelemnul.
  1150 | D:2      | Became a worshipper of Warmaster Okawaru
  1405 | D:3      | Slain by an orc

Levels and vault maps discovered:
D:1:      minmay_arrival_diagonal_passages, layout_basic
D:2:      layout_basic, minitemple
D:3:      layout_basic

Skill      XL: |  1  2  3 |
---------------+----------+-----
Dodging        | 2 |  2.2
Unarmed Combat | 4 |  4.0
Fighting       | |  1.3
Spellcasting   | |  2.4
Transmutations | |  2.6

Action                   |  1- 3 |  4- 6 || total
-------------------------+-------+-------++-------
Melee: Unarmed           |   114 |    39 ||   153
       Tailslap          |    12 |     5 ||    17
       Headbutt          |     5 |     1 ||     6
       Punch             |     2 |     1 ||     3
       Kick              |    13 |     2 ||    15
 Cast: Beastly Appendage |    16 |     2 ||    18
       Sticks to Snakes  |     3 |       ||     3
  Use: Scroll            |     3 |     3 ||     6
       Potion            |     2 |       ||     2
 Stab: Sleeping          |     1 |       ||     1
  Eat: Ration            |     1 |       ||     1
Armor: Skin              |    18 |     3 ||    21
Dodge: Dodged            |    62 |    23 ||    85

Table legend:
 A = Non-vault XP
 B = Vault XP
 C = Vault XP percentage of total XP
 D = Non-vault monster count
 E = Vault monster count
 F = Vault count percentage of total count
                 A         B        C        D         E       F
            +---------+---------+-------+---------+---------+-------
      Total |     117 |       0 |   0.0 |      39 |       0 |   0.0
            +---------+---------+-------+---------+---------+-------
        D:1 |      26 |       0 |   0.0 |      12 |       0 |   0.0
        D:2 |      79 |       0 |   0.0 |      23 |       0 |   0.0
        D:3 |      12 |       0 |   0.0 |       4 |       0 |   0.0
            +---------+---------+-------+---------+---------+-------
